Map: New Gettysburg LE

Players

DatBoiNYK (NYK) - Winner!

  • Race: Zerg Zerg
  • League: Grandmaster

YahToi

  • Race: Zerg Zerg
  • League: Grandmaster

VOD

Have the link to the VOD?

Description

Time

  • Played on: July 19, 2016, 10:34 p.m.
  • Length: 7:17
Show
View Real Time Build Order
Export as new Build Order

DatBoiNYK Zerg - Winner!

Build Orders: Hatch First 

Get SALT Encoding   

  12  0:02  Drone  
  13  0:15  Overlord  
  13  0:18  Drone  
  14  0:33  Drone x2  
  16  0:40  Drone  
  17  0:53  Hatchery  
  16  0:57  Drone  
  16  1:00  Drone  
  18  1:07  Extractor  
  17  1:16  Spawning Pool  
  16  1:18  Drone  
  16  1:22  Drone  
  18  1:35  Drone  
  19  1:42  Overlord  
  19  2:03  Zergling x4  
  19  2:04  Queen  
  19  2:06  Zergling x2  
  26  2:14  Zergling x2  
  26  2:15  Metabolic Boost  
  27  2:19  Zergling x2  
  28  2:24  Zergling x2  
  27  2:40  Overlord  
  27  2:42  Hatchery  
  26  2:57  Overlord  
  26  2:58  Queen  
  28  3:00  Drone  
  29  3:07  Drone  
  30  3:17  Drone x3  
  33  3:21  Baneling Nest  
  33  3:24  Drone  
  33  3:34  Overlord  
  33  3:39  Lair  
  34  3:46  Drone  
  35  3:55  Drone x2, Extractor  
  36  4:01  Queen  
  38  4:06  Drone  
  38  4:07  Drone x2  
  38  4:08  Drone x2  
  43  4:16  Extractor  
  43  4:17  Drone x2  
  44  4:27  Drone x2  
  46  4:40  Drone  
  46  4:41  Drone x3, Extractor  
  49  4:46  Spire  
  49  4:47  Drone x4  
  52  4:59  Overlord  
  52  5:00  Overlord  
  52  5:06  Overlord  
  52  5:26  Zergling x2  
  52  5:27  Zergling x2  
  51  5:30  Drone x2  
  51  5:31  Drone  
  51  5:34  Hatchery  
  53  5:42  Overlord  
  53  5:57  Mutalisk  
  53  5:58  Mutalisk x5  
  53  6:02  Mutalisk  
  53  6:03  Mutalisk  
  62  6:09  Zergling x2  
  62  6:10  Zergling x6  
  68  6:15  Overlord, Spine Crawler  
  68  6:16  Spine Crawler  
  68  6:17  Mutalisk  
  68  6:22  Overlord  
  68  6:24  Mutalisk  
  70  6:32  Zergling x6  
  73  6:34  Mutalisk  
  75  6:44  Zergling x2  
  75  6:45  Zergling x2  
  77  6:48  Mutalisk  
Show
View Real Time Build Order
Export as new Build Order

YahToi Zerg 

Build Orders: Pool First 

Get SALT Encoding   

  12  0:20  Spawning Pool  
  11  0:23  Drone  
  11  0:27  Drone  
  13  0:33  Drone  
  14  0:41  Overlord  
  14  1:07  Queen, Zergling x6  
  20  1:18  Zergling x2  
  20  1:29  Zergling x2  
  21  1:36  Hatchery  
  20  1:48  Queen  
  22  1:55  Overlord  
  22  2:17  Drone  
  22  2:18  Drone x2  
  22  2:20  Spine Crawler  
  24  2:40  Drone x3, Extractor  
  26  2:47  Overlord  
  26  2:50  Queen  
  28  3:02  Drone x2  
  30  3:14  Drone x2  
  32  3:27  Drone  
  32  3:28  Drone  
  34  3:35  Queen  
  36  3:45  Evolution Chamber, Drone x3  
  36  3:46  Overlord  
  38  3:52  Evolution Chamber  
  37  4:01  Roach Warren  
  36  4:04  Drone x2  
  38  4:14  Lair  
  38  4:16  Drone  
  39  4:21  Zerg Missile Weapons Level 1  
  39  4:27  Drone x2  
  39  4:29  Drone  
  42  4:34  Drone x2  
  44  4:40  Overlord  
  44  4:43  Drone, Extractor  
  44  4:48  Overlord  
  44  4:53  Drone x2  
  44  4:57  Extractor  
  45  5:04  Drone x3  
  48  5:08  Drone x4  
  48  5:13  Glial Reconstitution  
  52  5:16  Drone  
  52  5:17  Drone  
  50  5:29  Overlord  
  50  5:33  Roach x4  
  57  5:38  Overlord  
  57  5:49  Roach x4  
  65  6:00  Roach x4  
  73  6:09  Queen  
  75  6:23  Overlord  
  75  6:26  Overlord  
  75  6:27  Queen, Extractor  
  77  6:35  Overlord  
  77  6:39  Spore Crawler x2  
  75  6:40  Spore Crawler  
  74  6:48  Spore Crawler  
  74  6:54  Spore Crawler x2  
Tags
 
Add a new tag
Caveats
  • Supply blocks, unpowered buildings, or Contaminate may cause inaccurate times.
  • Supply counts are checked every 10 seconds.